[Event "Live Chess"]
[Site "Chess.com"]
[Date "2024.06.01"]
[Round "-"]
[White "Demyan7777"]
[Black "GEMdzq"]
[Result "1-0"]
[WhiteElo "1754"]
[BlackElo "2265"]
[TimeControl "300"]
[EndTime "12:07:24 PDT"]
[Termination "Demyan7777 won by checkmate"]

1. e4 Nf6 2. Nc3 d6 3. d4 g6 4.
f4 Bg7 5. Nf3 O-O 6. h3 Na6 7. Be3 c5 8. e5 Nd7 9. exd6 exd6 10.
dxc5 Re8 11. Qd2 Ndxc5 12. Bc4 Nb4 13. O-O-O Be6 14. Bxe6 Nxe6 15. Kb1 Rc8 16. Nd4 Nc5 17. a3 Nc6 18. Nxc6 Rxc6 19. Bxc5 Rxc5 20. Qxd6 Qxd6 21.
Rxd6 Bxc3 22. bxc3 Re7 23. Kb2 Kg7 24. Rhd1 Rc4 25.
R6d4 Rcc7 26. c4 h5 27. Kb3 h4 28. R1d2 Re3+ 29. c3 Kf6 30. Kb4 Re6 31. c5 b6 32.
Rd5 bxc5+ 33. Rxc5 Rb6+ 34. Kc4 Rbc6 35. Rxc6+ Rxc6+ 36.
Kb4 Ke6 37. c4 Rb6+ 38. Kc3 Rb7 39. Rd4 f6 40. f5+ Kxf5 41. Rxh4 g5 42. Rd4 Ke5 43.
g4 Rh7 44. Rd3 Ke4 45. a4 a5 46. c5 Rc7 47. Kc4 f5 48. gxf5 Kxf5 49. Kb5 Ke6 50. c6 Ke5 51. Kb6 Rh7 52. c7 Rh8 53.
Kb7 Ke4 54. Rd8 Rh7 55. Kb6 Rh6+ 56. Kxa5 Rc6 57. c8=Q Rxc8 58. Rxc8 Kf4 59. Rc3 g4 60.
Kb5 g3 61. Rxg3 Kxg3 62. a5 Kxh3 63. a6 Kg4 64. a7 Kf3 65. a8=Q+ Ke3 66. Qd5 Kf4 67.
Qh5 Ke3 68. Qh4 Kd3 69. Qg4 Ke3 70. Kc5 Kd3 71. Kd5 Ke3 72. Qg3+ Kd2 73. Kd4 Kc2 74.
Qf2+ Kb1 75. Qd2 Ka1 76. Kc3 Kb1 77. Qb2# 1-0

[Event "Live Chess"]
[Site "Chess.com"]
[Date "2024.06.01"]
[Round "-"]
[White "powerchs"]
[Black "EPotapov05"]
[Result "1-0"]
[WhiteElo "1262"]
[BlackElo "1833"]
[TimeControl "300"]
[EndTime "12:07:24 PDT"]
[Termination "powerchs won on time"]

1. e4 e6 2. Nf3 d5 3. e5 c5 4. d4 cxd4 5. Qxd4 Nc6 6. Bb5 Bd7 7.
Bxc6 bxc6 8. O-O c5 9. Qg4 g6 10. Bg5 Qc7 11. Nc3 Bg7 12. Rfe1 Nh6 13. Qg3 Nf5 14.
Qh3 O-O 15. Bf6 Rfe8 16. Ng5 h6 17. Bxg7 Kxg7 18. Nf3 Qb6 19. b3 Qb4 20. Ne2 a5 21. c3 Qb6 22. Nh4 Nxh4 23. Qxh4 Qd8 24. Qg3 Qb6 25.
h4 a4 26. h5 axb3 27. axb3 Qxb3 28. Rxa8 Rxa8 29. hxg6 fxg6 30. Nf4 g5 31. Nh5+ Kg6 32. Nf6 Qb7 33. Qh3 c4 34. Qh5+ Kg7 35. Re3 Bc6 36. Rh3 Rh8 37. f4 Qf7 38. Qg4 Qg6 39.
Qxe6 Ba8 40. f5 Qf7 41. Nh5+ Kf8 42. Qd6+ Qe7 43. Qf6+ Qxf6 44. Nxf6 Kf7 45. Nd7 Kg7 46. Nc5 Rb8 47. Ne6+ Kh7 48. f6 Re8 49. Nxg5+ Kg6 50. f7 Rf8 51. Rg3 Rxf7 52. Nxf7+ 1-0

[Event "Live Chess"]
[Site "Chess.com"]
[Date "2024.06.01"]
[Round "-"]
[White "Nathaniel250"]
[Black "matt1979"]
[Result "1-0"]
[WhiteElo "1480"]
[BlackElo "1368"]
[TimeControl "300"]
[EndTime "12:07:33 PDT"]
[Termination "Nathaniel250 won on time"]

1. c4 f5 2. g3 Nf6 3. Bg2 d6 4.
Nc3 e5 5. d3 Be7 6. e4 fxe4 7.
dxe4 O-O 8. Nge2 Nc6 9. Be3 Be6 10. b3 Qd7 11. f4 Bh3 12. O-O Bxg2 13. Kxg2 Ng4 14.
Qd2 Nxe3+ 15. Qxe3 Rf6 16. f5 Rh6 17. Nd5 Qd8 18.
Nxe7+ Qxe7 19. Nc3 Qf7 20. g4 Ne7 21. Qe2 c6 22.
Kg3 Qf6 23. Kf3 Rh3+ 24. Kg2 Rxc3 25. Qd2 Nd5 26. cxd5 Rc5 27. Rac1 cxd5 28. Rxc5 dxc5 29. Qxd5+ Kh8 30. Qxc5 Rd8 31. Qc2 Qg5 32. Qc1 Qxg4+ 33. Kh1 Qxe4+ 34. Kg1 Qg4+ 35. Kh1 Qe4+ 36. Kg1 Qg4+ 37.
Kf2 Qd4+ 38. Qe3 Qb2+ 39. Kg1 Rd2 40. Rf2 Qc1+ 41. Kg2 Rxf2+ 42. Qxf2 Qg5+ 43. Qg3 Qxg3+ 44. Kxg3 e4 45. Kf4 Kg8 46. Kxe4 Kf8 47. Ke5 Ke8 48. Ke6 Kd8 49. f6 Kc7 50. fxg7 Kb6 51. g8=Q 1-0

[Event "Live Chess"]
[Site "Chess.com"]
[Date "2024.06.01"]
[Round "-"]
[White "degringolade64"]
[Black "elephantgerrald"]
[Result "1-0"]
[WhiteElo "2061"]
[BlackElo "786"]
[TimeControl "300"]
[EndTime "12:07:35 PDT"]
[Termination "degringolade64 won by checkmate"]

1. e4 e5 2. Nf3 Nc6 3. Bb5 Nf6 4.
O-O Bd6 5. Bxc6 dxc6 6. d4 Bg4 7. dxe5 Bxf3 8. Qxf3 Bxe5 9. Nc3 O-O 10. Bg5 Bxc3 11.
bxc3 Re8 12. Rad1 Qc8 13. Bxf6 gxf6 14. Qxf6 Qg4 15. Rd3 Qxe4 16. Rg3+ Qg6 17. Rxg6+ hxg6 18. h4 Re6 19. Qf4 Rd8 20. Qxc7 Kg7 21. Qxd8 Rf6 22. Qd4 Kh6 23. Qxf6 Kh7 24. Qxf7+ Kh6 25. Qf4+ Kh5 26. Qg5# 1-0

[Event "Live Chess"]
[Site "Chess.com"]
[Date "2024.06.01"]
[Round "-"]
[White "KeithArkell"]
[Black "nitrofish07"]
[Result "0-1"]
[WhiteElo "2487"]
[BlackElo "2141"]
[TimeControl "300"]
[EndTime "12:07:48 PDT"]
[Termination "nitrofish07 won by resignation"]

1. d4 d5 2. Nf3 Nf6 3. c4 c6 4. Nc3 dxc4 5. a4 Bf5 6. Nh4 Bg6 7. Nxg6 hxg6 8. a5 e6 9. e3 Bb4 10. Qa4 Na6 11. Bxc4 Ne4 12. Bxa6 Qh4 13. g3 Bxc3+ 14. bxc3 Qf6 15. Qc2 Qf3 16. Rf1 bxa6 17. Ba3 Rxh2 18. Qa4 Nxf2 19. Qc2 Qxe3+ 0-1

[Event "Live Chess"]
[Site "Chess.com"]
[Date "2024.06.01"]
[Round "-"]
[White "JanMur7"]
[Black "imchessive"]
[Result "1-0"]
[WhiteElo "2288"]
[BlackElo "1577"]
[TimeControl "300"]
[EndTime "12:07:59 PDT"]
[Termination "JanMur7 won by resignation"]

1. c4 f5 2. d4 d6 3. Nc3 Nf6 4. g3 Nbd7 5. Bg2 g6 6. Nh3 Bg7 7. Ng5 Nb6 8. e4 fxe4 9. Ngxe4 O-O 10. Nxf6+ Bxf6 11. O-O Nxc4 12. Bd5+ e6 13. Bxc4 a6 14. Qb3 Qe7 15. Re1 Re8 16. Nd5 Qf7 17. Nxf6+ Qxf6 18.
Bf4 b5 19. Bd5 Rb8 20. Bc6 Re7 21. Qe3 Bb7 22. Bxb7 Rxb7 23. Bg5 Qf7 24. Bxe7 Qxe7 25. Qxe6+ Qxe6 26. Rxe6 c5 27. Rxd6 c4 28. Rxa6 b4 29. Rc6 Rd7 30. Rxc4 1-0

[Event "Live Chess"]
[Site "Chess.com"]
[Date "2024.06.01"]
[Round "-"]
[White "Cruiseylee78"]
[Black "A3ndrey9"]
[Result "1-0"]
[WhiteElo "1707"]
[BlackElo "1270"]
[TimeControl "300"]
[EndTime "12:08:01 PDT"]
[Termination "Cruiseylee78 won by checkmate"]

1. e4 c6 2. b3 d5 3. Bb2 dxe4 4. g4 Nf6 5. Nc3 Bxg4 6. Be2 Bxe2 7. Ngxe2 e6 8. Ng3 Bb4 9. a3 Bxc3 10. Bxc3 O-O 11.
Qe2 Nbd7 12. O-O-O a5 13. Nxe4 Nxe4 14. Qxe4 Nf6 15. Qe5 Qd5 16. Qxf6 gxf6 17. Rdg1+ Qg5 18. h4 Qg7 19. Bxf6 Qg6 20. h5 h6 21. hxg6 fxg6 22.
Rxg6+ Kf7 23. Rgxh6 Rg8 24. Be5 Ke7 25. Rh7+ Ke8 26.
Rxb7 Rd8 27. Rhh7 Rg1+ 28. Kb2 Rg5 29. Rh8+ Rg8 30. Rxg8# 1-0

[Event "Live Chess"]
[Site "Chess.com"]
[Date "2024.06.01"]
[Round "-"]
[White "Eva3337"]
[Black "OurKnightAtTheOpera"]
[Result "1-0"]
[WhiteElo "1159"]
[BlackElo "2001"]
[TimeControl "300"]
[EndTime "12:08:13 PDT"]
[Termination "Eva3337 won by resignation"]

1. e4 e5 2. Nf3 Nc6 3. c3 Nf6 4. Bd3 Bc5 5. O-O O-O 6. Bc2 d5 7. d4 Bd6 8. exd5 Ne7 9. dxe5 Bd7 10. exf6 Ng6 11. fxg7 Kxg7 12. Qd4+ Kg8 13. b3 h5 14. Bh6 1-0

[Event "Live Chess"]
[Site "Chess.com"]
[Date "2024.06.01"]
[Round "-"]
[White "Yegorych"]
[Black "JavaidMiah"]
[Result "0-1"]
[WhiteElo "1484"]
[BlackElo "1198"]
[TimeControl "300"]
[EndTime "12:08:27 PDT"]
[Termination "JavaidMiah won on time"]

1. d4 d5 2. c4 c6 3. Nc3 Nf6 4. Nf3 e6 5. Bg5 Nbd7 6. e3 Be7 7. c5 O-O 8. Bd3 h6 9. Bh4 Qc7 10. Bg3 Qd8 11. Ne5 Nxe5 12. Bxe5 Nd7 13. Bg3 Bf6 14.
O-O e5 15. Bf5 exd4 16. exd4 Re8 17. Qg4 Nf8 18. Rfe1 Bxf5 19. Qxf5 Bxd4 20. Bd6 Ne6 21. Rab1 Bxc5 22. Rxe6 fxe6 23. Qg6 Bxd6 24. Re1 e5 25.
Re3 Qf6 26. Qxf6 gxf6 27. Rg3+ Kh7 28. Ne2 e4 29. Rb3 b6 30. g3 f5 31. Nd4 c5 32. Nxf5 Be5 33. a4 Rab8 34. Kg2 Kg6 35. Nh4+ Kf7 36. Nf5 Kg6 37. Nh4+ Kh7 38. Nf5 Bf6 39. Nd6 Re6 40. Nf5 d4 41. Kf1 Kg6 42. g4 h5 43. h3 hxg4 44. hxg4 Rbe8 45. Rh3 Kg5 46. Nh6 Rh8 47. Nf7+ Kg6 48. Nxh8+ Bxh8 49. Rxh8 Re7 50. Rh3 Kg5 51. Rg3 e3 52. fxe3 dxe3 53. Ke2 Kf4 54. Rh3 Kxg4 55. Rxe3 Rxe3+ 56. Kxe3 Kf5 57. Kd3 Ke5 58. Kc4 Kd6 59. Kb5 Kc7 60. Ka6 Kb8 61. b3 Ka8 62. Kb5 Kb8 63. Kc6 Kc8 64. Kb5 Kb7 65.
a5 a6+ 66. Kc4 Kc6 67. b4 bxa5 68. bxa5 Kd6 0-1

[Event "Live Chess"]
[Site "Chess.com"]
[Date "2024.06.01"]
[Round "-"]
[White "LL220284LL"]
[Black "Dhaydon19"]
[Result "1/2-1/2"]
[WhiteElo "2565"]
[BlackElo "2690"]
[TimeControl "300"]
[EndTime "12:08:42 PDT"]
[Termination "Game drawn by repetition"]

1. Nf3 d5 2. d3 Nf6 3. Nbd2 b6 4.
g3 Bb7 5. Bg2 e6 6. O-O Be7 7.
Qe1 O-O 8. e4 dxe4 9. dxe4 Ba6 10.
c4 Nc6 11. Qe2 Nd7 12. Rd1 Qc8 13. b3 Bf6 14. Rb1 Rd8 15. Nf1 Bb7 16. Bb2 Bxb2 17. Rxb2 Nde5 18. Rbd2 Rxd2 19. Rxd2 Nxf3+ 20. Qxf3 Qe8 21. Qd1 Rd8 22. Ne3 Rxd2 23. Qxd2 Qe7 24. h3 h6 25. Kh2 Ne5 26. f4 Nd7 27. e5 Bxg2 28. Nxg2 Nc5 29. Qd4 a5 30. Ne3 Qe8 31. Qd2 Qc6 32.
Qg2 Qd7 33. Ng4 Qd3 34. Nf2 Qb1 35. Ng4 h5 36. Ne3 Qc1 37. Nc2 g6 38. h4 Nd3 39.
Nd4 Qe3 40. Nf3 Nf2 41. Ng5 Ng4+ 42. Kh3 Nh6 43. Qa8+ Kg7 44. Qd8 Qe2 45. Qf6+ Kg8 46. Qd8+ Kg7 47. Qf6+ Kg8 48. Qd8+ Kg7 1/2-1/2

[Event "Live Chess"]
[Site "Chess.com"]
[Date "2024.06.01"]
[Round "-"]
[White "OliWally08"]
[Black "chess5013"]
[Result "0-1"]
[WhiteElo "1264"]
[BlackElo "1296"]
[TimeControl "300"]
[EndTime "12:08:44 PDT"]
[Termination "chess5013 won on time"]

1. e4 c6 2. Nc3 d5 3. Nf3 dxe4 4. Nxe4 Bf5 5. Ng3 Bg6 6. Bc4 e6 7. O-O Nd7 8. Re1 Ngf6 9. d3 Bd6 10. Ne4 Nxe4 11.
dxe4 Qc7 12. e5 Bxe5 13. Nxe5 Nxe5 14. Bb3 O-O 15. Bf4 f6 16. Qe2 Kh8 17. Bxe5 fxe5 18. Qxe5 Qxe5 19. Rxe5 Rae8 20. c3 Bf5 21. Rae1 Rf6 22.
h3 h5 23. f3 Bg6 24. Rxe6 Rfxe6 25. Rxe6 Rxe6 26. Bxe6 Bb1 27. Kf2 Kh7 28. Bf7 g6 29.
g4 h4 30. a3 Kg7 31. Be6 g5 32. Ke3 Kf6 33. Bc8 b6 34. f4 c5 35. b4 cxb4 36.
axb4 Bc2 37. Kd4 Bd1 38. fxg5+ Kxg5 39. Bb7 Be2 40. c4 Bf1 41. c5 Bxh3 42. c6 Bxg4 43. c7 h3 44. c8=Q Bxc8 45. Bxc8 h2 46. Bb7 Kf6 47. Bh1 Ke7 48. Kd5 Kd7 49. b5 Kc7 50. Kc4 Kd6 51. Kb4 Kc7 52. Kc4 Kc8 53. Kd5 Kd7 54.
Ke5 Ke7 55. Ke4 Ke6 56. Kf3 Kd5 57. Kg3+ Kc5 58. Kxh2 Kxb5 59. Kg3 a5 60. Be4 a4 61.
Bd5 Kb4 62. Ba2 Ka3 63. Bg8 b5 64. Kf3 b4 65. Ke3 b3 66. Kd3 Ka2 0-1

[Event "Live Chess"]
[Site "Chess.com"]
[Date "2024.06.01"]
[Round "-"]
[White "cymbalshift"]
[Black "Stanbad1"]
[Result "0-1"]
[WhiteElo "1785"]
[BlackElo "2679"]
[TimeControl "300"]
[EndTime "12:08:53 PDT"]
[Termination "Stanbad1 won on time"]

1. d4 Nf6 2. Nc3 d6 3. e4 Nbd7 4. f4 e5 5. dxe5 dxe5 6. fxe5 Nxe5 7. Qxd8+ Kxd8 8. Bf4 Bd6 9. O-O-O Ke7 10. Nf3 Nd3+ 11.
cxd3 Bxf4+ 12. Kb1 Rd8 13. d4 c6 14. Bc4 Ng4 15.
Rde1 b5 16. Bb3 a5 17. d5 b4 18. Ne2 Bc7 19. h3 Nf2 20. Rhf1 Nxe4 21. Ned4 cxd5 22. Bxd5 Kd6 23. Bxe4 Rb8 24. Nc6 Be6 25. Rd1+ Kc5 26. Rc1+ Kb6 27. Nxb8 Bxb8 28. Rc6+ Ka7 29. Rfc1 Bf4 30.
R1c5 Rd1+ 31. Kc2 Rc1+ 32. Kd3 Rd1+ 33. Ke2 Ra1 34. Rxa5+ Kb8 35. Rb6+ Kc8 36. Ra8+ Kc7 37. Rb7+ Kd6 38. Nd4 Ke5 39. Rxb4 Bxa2 40. Ra5+ Kd6 41. Nf5+ Ke6 0-1

[Event "Live Chess"]
[Site "Chess.com"]
[Date "2024.06.01"]
[Round "-"]
[White "bonantagulo"]
[Black "Brooms1989"]
[Result "1-0"]
[WhiteElo "2046"]
[BlackElo "1092"]
[TimeControl "300"]
[EndTime "12:09:03 PDT"]
[Termination "bonantagulo won by resignation"]

1. e4 e5 2. f4 d5 3. exd5 exf4 4. Nf3 Nf6 5. Bc4 Nxd5 6. O-O Nb6 7. Bb3 Be6 8. Re1 Qd7 9. d4 c6 10. Ne5 Qe7 11.
Nxf7 1-0

[Event "Live Chess"]
[Site "Chess.com"]
[Date "2024.06.01"]
[Round "-"]
[White "grillage"]
[Black "Tushinskiy"]
[Result "0-1"]
[WhiteElo "1876"]
[BlackElo "2230"]
[TimeControl "300"]
[EndTime "12:09:48 PDT"]
[Termination "Tushinskiy won by resignation"]

1. d4 d5 2. Nf3 c6 3. c4 Nf6 4.
Qc2 e6 5. cxd5 exd5 6. Nc3 Bd6 7. Bg5 O-O 8. e3 h6 9. Bh4 Bg4 10. Ne5 Bh5 11. Bd3 Nbd7 12. Nxd7 Qxd7 13. Bxf6 gxf6 14.
h3 Kg7 15. g4 Bg6 16. O-O-O Rac8 17. Kb1 b5 18. h4 a5 19. h5 Bxd3 20. Qxd3 a4 21.
f4 a3 22. b3 b4 23. Ne2 Rce8 24. g5 Qe6 25. gxh6+ Kxh6 26. Ng3 Kg7 27. h6+ Kh8 28. Rde1 Rg8 29. Nf5 Rg2 30. Reg1 Rxg1+ 31. Rxg1 Rg8 32. Rxg8+ Kxg8 33. h7+ Kh8 34. Nxd6 Qxd6 35. Qf1 Qe6 36. Qf2 Kxh7 37. Qh4+ Kg7 38. Qg3+ Kf8 39. Qh4 Qe4+ 40. Kc1 Qxe3+ 41. Kc2 Qc3+ 42. Kd1 Qa1+ 43. Ke2 Qxa2+ 44.
Kf3 Qxb3+ 45. Kg4 Qd1+ 46. Kf5 Qxd4 47. Qh8+ Ke7 48. Qc8 Qe4+ 49. Kg4 Qe6+ 0-1

[Event "Live Chess"]
[Site "Chess.com"]
[Date "2024.06.01"]
[Round "-"]
[White "Ninifu"]
[Black "LanceMaster23"]
[Result "1-0"]
[WhiteElo "2019"]
[BlackElo "1786"]
[TimeControl "300"]
[EndTime "12:09:52 PDT"]
[Termination "Ninifu won by resignation"]

1. d4 Nf6 2. c4 e6 3. Nc3 Bb4 4. f3 c5 5. d5 d6 6. e4 Bxc3+ 7. bxc3 Qa5 8. Bd2 e5 9. Bd3 Nbd7 10. Ne2 O-O 11. h4 h5 12. Qc2 a6 13. O-O b5 14. a4 bxa4 15. Rxa4 Qc7 16. Ng3 Nb6 17.
Raa1 Qe7 18. Bg5 Nbd7 19. Nxh5 g6 20. Nxf6+ Nxf6 21. f4 Kg7 22. fxe5 Qxe5 23. Bxf6+ Qxf6 24. Rxf6 Kxf6 25. Rf1+ Kg7 26. Qf2 f5 27. Qg3 f4 28.
Rxf4 Rxf4 29. Qxf4 a5 30. Qxd6 a4 31. e5 Bf5 32.
Bxf5 gxf5 33. Qf6+ Kg8 34. e6 a3 35. Qf7+ Kh8 36.
e7 a2 37. e8=Q+ Rxe8 38. Qxe8+ Kg7 39. Qa8 1-0

[Event "Live Chess"]
[Site "Chess.com"]
[Date "2024.06.01"]
[Round "-"]
[White "dhairyapandyauk"]
[Black "MaksymYurii"]
[Result "1-0"]
[WhiteElo "1645"]
[BlackElo "934"]
[TimeControl "300"]
[EndTime "12:10:00 PDT"]
[Termination "dhairyapandyauk won by resignation"]

1. e4 e5 2. Nf3 Nc6 3. c3 d6 4. d4 exd4 5. cxd4 Bg4 6. Bc4 Bxf3 7. Qxf3 Qe7 8. Be3 Nf6 9. Nc3 O-O-O 10. O-O-O Nb4 11.
a3 Nc6 12. Rhe1 d5 13. Nxd5 Nxd5 14. Bxd5 Nb4 15. axb4 Qxb4 16. Bd2 Qxd4 17. Qb3 Qc5+ 18. Kb1 b6 19. Be3 Qa5 20. Bd2 Qc5 21. Qa4 a5 22. Rc1 Qxf2 23. Be3 Qxg2 24. Rxc7+ Kxc7 25. Qc6+ 1-0

[Event "Live Chess"]
[Site "Chess.com"]
[Date "2024.06.01"]
[Round "-"]
[White "DarranAS"]
[Black "wadsy27"]
[Result "1-0"]
[WhiteElo "1519"]
[BlackElo "2574"]
[TimeControl "300"]
[EndTime "12:10:16 PDT"]
[Termination "DarranAS won - game abandoned"]

1. d4 Nf6 2. Nf3 g6 3. g3 Bg7 4. Bg2 O-O 5. c3 d5 6. Bf4 a5 7.
O-O b6 8. Nbd2 Ba6 9. Re1 Nh5 10. e4 Nxf4 11. gxf4 dxe4 12. Nxe4 Bb7 13. Qd2 Nd7 14. Rad1 Nf6 15. Nfg5 Nxe4 16. Nxe4 Rb8 17. Qe3 e6 18. Qh3 h6 19. Bf3 1-0

[Event "Live Chess"]
[Site "Chess.com"]
[Date "2024.06.01"]
[Round "-"]
[White "TigerTank70"]
[Black "ProfPoisson"]
[Result "1-0"]
[WhiteElo "2193"]
[BlackElo "1278"]
[TimeControl "300"]
[EndTime "12:10:31 PDT"]
[Termination "TigerTank70 won by resignation"]

1. e4 e5 2. Nf3 Nf6 3. Nxe5 Nxe4 4. d3 Qe7 5. dxe4 Qxe5 6. Bd3 Bc5 7. O-O O-O 8. Nd2 Bd6 9. Nf3 Qf6 10. Bg5 Qxb2 11. Rb1 Qxa2 12. e5 Bc5 13. Nd2 Qe6 14. Kh1 d6 15. exd6 Qg4 16. Nf3 Bxd6 17. h3 Qh5 18. Kg1 Nc6 19. Rb5 h6 20. Be7 Qxb5 21. Bxb5 Bxe7 22. c4 a6 23. Ba4 Rd8 24. Qe2 Bf6 25. Qe4 Nd4 26. Nxd4 Rxd4 27. Qe8+ Kh7 28. Bc2+ g6 29. Qxf7+ Kh8 30. Qxf6+ 1-0

[Event "Live Chess"]
[Site "Chess.com"]
[Date "2024.06.01"]
[Round "-"]
[White "WorcesterYork"]
[Black "Dhaydon19"]
[Result "0-1"]
[WhiteElo "2542"]
[BlackElo "2695"]
[TimeControl "300"]
[EndTime "12:10:52 PDT"]
[Termination "Dhaydon19 won by resignation"]

1. d4 c6 2. Bg5 d5 3. Nc3 Nf6 4. Bxf6 exf6 5. e3 g6 6. Bd3 Bg7 7. h4 h5 8. Nge2 f5 9. Nf4 Nd7 10. Nce2 Nf6 11. c4 O-O 12. cxd5 Nxd5 13. Nxd5 Qxd5 14.
Nf4 Qa5+ 15. Qd2 Qc7 16. Qc2 Bxd4 17. Nxg6 fxg6 18. exd4 Re8+ 19. Kf1 Be6 20. b3 Qd6 21. Rd1 Rad8 22. Kg1 Qxd4 23. Rh3 Kg7 24. Be2 Qf6 25. Rxd8 Rxd8 26. Re3 f4 27. Rd3 Bf5 0-1

[Event "Live Chess"]
[Site "Chess.com"]
[Date "2024.06.01"]
[Round "-"]
[White "PaulHumphreys"]
[Black "JanMur7"]
[Result "0-1"]
[WhiteElo "1394"]
[BlackElo "2288"]
[TimeControl "300"]
[EndTime "12:10:57 PDT"]
[Termination "JanMur7 won by resignation"]

1. d4 Nf6 2. Nc3 d5 3. Bf4 c6 4.
e3 Bf5 5. Nf3 Qb6 6. Rb1 e6 7. Ne5 Nbd7 8. g4 Nxe5 9. dxe5 Nxg4 10. Bd3 Nh6 11. Bxh6 Bxd3 12. Bxg7 Bxc2 13. Qxc2 Bxg7 14.
Rg1 Bxe5 15. f4 Qxe3+ 0-1

[Event "Live Chess"]
[Site "Chess.com"]
[Date "2024.06.01"]
[Round "-"]
[White "MagnersCarlsberg2870"]
[Black "Bradfield133"]
[Result "0-1"]
[WhiteElo "1852"]
[BlackElo "1925"]
[TimeControl "300"]
[EndTime "12:11:10 PDT"]
[Termination "Bradfield133 won by resignation"]

1. d4 d6 2. Nf3 Bg4 3. Nc3 Nd7 4. e4 e5 5. Bc4 Ngf6 6. h3 Bxf3 7.
gxf3 Be7 8. Bg5 O-O 9. Rg1 exd4 10.
Qxd4 Ne5 11. Bh6 Ng6 12. Bg5 Nh5 13. Bxe7 Qxe7 14. Nd5 Qd7 15. O-O-O Ne5 16. Rg5 Nxf3 17. Qe3 Nxg5 18. Qxg5 c6 19. Ne7+ Kh8 20. Nf5 g6 21. Rxd6 Qe8 22. Be2 Qxe4 23. Bxh5 Qxf5 24. Qxf5 gxf5 25.
Rf6 Kg7 26. Rxf5 Rad8 27. b3 Rd5 28. Rxd5 cxd5 29. Bf3 Rd8 30. c4 dxc4 31. Bxb7 cxb3 32. axb3 Rd3 33. Kc2 Rxh3 0-1

[Event "Live Chess"]
[Site "Chess.com"]
[Date "2024.06.01"]
[Round "-"]
[White "WeakOldFinished"]
[Black "JohanKjeldahl"]
[Result "1-0"]
[WhiteElo "2156"]
[BlackElo "1830"]
[TimeControl "300"]
[EndTime "12:11:13 PDT"]
[Termination "WeakOldFinished won by resignation"]

1. f4 e5 2. fxe5 d6 3. Nf3 dxe5 4. e4 Bd6 5. Bc4 Nf6 6. d3 O-O 7. O-O Bg4 8. Qe1 Nbd7 9. Nc3 c6 10. a4 Bh5 11.
Nh4 Bg6 12. Nxg6 hxg6 13. Bg5 Qb6+ 14. Kh1 Be7 15. Nd1 Qb4 16. c3 Qd6 17. Ne3 Nh5 18.
Bxe7 Qxe7 19. Rf3 Nf4 20. Qf2 Nf6 21. Rf1 Qd7 22. Rxf4 exf4 23. Qxf4 Rad8 24. d4 b5 25. axb5 cxb5 26. Bb3 a5 27. e5 Nh5 28. Qg5 Ra8 29.
Qxg6 1-0

[Event "Live Chess"]
[Site "Chess.com"]
[Date "2024.06.01"]
[Round "-"]
[White "WelshTiger"]
[Black "KwikPhoenix"]
[Result "1-0"]
[WhiteElo "2541"]
[BlackElo "2450"]
[TimeControl "300"]
[EndTime "12:11:20 PDT"]
[Termination "WelshTiger won by resignation"]

1. e4 c5 2. Nf3 Nc6 3. Bb5 g6 4. O-O Bg7 5. c3 Nf6 6. Qa4 O-O 7. d4 cxd4 8. cxd4 a6 9. Nc3 Rb8 10. Bd3 d6 11. h3 b5 12. Qd1 Bb7 13. Bg5 h6 14.
Be3 Rc8 15. Rc1 e6 16. Qd2 Kh7 17. Rfd1 d5 18. e5 Nd7 19. h4 Nb6 20. b3 Qe7 21. h5 Nd7 22. g3 Rh8 23. Nh4 Nf8 24. Ne2 Kg8 25. hxg6 fxg6 26. Nxg6 Nxg6 27. Bxg6 Rf8 28.
Nf4 Nd8 29. Bb1 1-0

[Event "Live Chess"]
[Site "Chess.com"]
[Date "2024.06.01"]
[Round "-"]
[White "CarmelJane"]
[Black "gmnorfolk"]
[Result "1-0"]
[WhiteElo "2091"]
[BlackElo "2064"]
[TimeControl "300"]
[EndTime "12:11:24 PDT"]
[Termination "CarmelJane won by resignation"]

1. e4 c5 2. Nf3 d6 3. c3 Nf6 4.
Be2 e6 5. O-O Nc6 6. Bd3 Be7 7.
Bc2 O-O 8. d4 cxd4 9. cxd4 e5 10. h3 Bd7 11. a3 Rc8 12. Nc3 a6 13. Be3 b5 14. Qe2 Qc7 15. Rad1 Na5 16. Rc1 Nc4 17. Bb3 Rfd8 18. dxe5 dxe5 19. Nd5 Nxd5 20. exd5 Bd6 21. Bxc4 bxc4 22. b3 c3 23. Qxa6 c2 24. Bb6 Qb8 25.
Bxd8 Bb5 26. Qb6 Qxb6 27. Bxb6 Bxf1 28. Kxf1 Bxa3 29. Be3 Bxc1 30. Bxc1 e4 31. Nd4 Rc3 32. Ke2 Kf8 33. d6 Ke8 34. b4 Kd7 35. h4 g6 36. g4 f5 37. gxf5 gxf5 38. Nxf5 Rd3 39.
Ne3 Kxd6 40. Nxc2 Rh3 41. Bf4+ Kd5 42. Bg3 Kc4 43. Kf1 Kd3 44. Kg2 e3 45. Nxe3 1-0

[Event "Live Chess"]
[Site "Chess.com"]
[Date "2024.06.01"]
[Round "-"]
[White "KeithArkell"]
[Black "Crowded_House"]
[Result "1-0"]
[WhiteElo "2487"]
[BlackElo "1743"]
[TimeControl "300"]
[EndTime "12:11:37 PDT"]
[Termination "KeithArkell won by resignation"]

1. d4 e6 2. Nf3 d5 3. Bg5 Be7 4. Bxe7 Qxe7 5. Nbd2 Nf6 6. e3 Nbd7 7. Bd3 O-O 8. c3 b6 9. O-O Bb7 10. Re1 c5 11. e4 dxe4 12. Nxe4 Nxe4 13. Bxe4 Bxe4 14.
Rxe4 Nf6 15. Re2 cxd4 16. Nxd4 Rac8 17. Qd2 Rc7 18. Qg5 Nd5 19. Qxe7 Nxe7 20. g3 Rd8 21. a4 Rcd7 22. a5 bxa5 23. Rxa5 Rb8 24. Kg2 Rb6 25. b4 Nc6 26. Rc5 h6 27. Nxc6 Rc7 28. Ne5 Rxc5 29. bxc5 Rb3 30. Rc2 a5 31. c6 Rb8 32. Rd2 a4 33. c7 Rc8 34. Rd8+ Rxd8 35. cxd8=Q+ 1-0

[Event "Live Chess"]
[Site "Chess.com"]
[Date "2024.06.01"]
[Round "-"]
[White "cymbalshift"]
[Black "Yegorych"]
[Result "1-0"]
[WhiteElo "1831"]
[BlackElo "1467"]
[TimeControl "300"]
[EndTime "12:11:40 PDT"]
[Termination "cymbalshift won by resignation"]

1. d4 d5 2. e4 dxe4 3. Nc3 Nf6 4.
f3 Nc6 5. d5 Nb4 6. fxe4 Bg4 7.
Nf3 e6 8. a3 Na6 9. Bg5 Be7 10.
Bb5+ c6 11. dxc6 Qxd1+ 12. Rxd1 O-O 13. cxb7 1-0

[Event "Live Chess"]
[Site "Chess.com"]
[Date "2024.06.01"]
[Round "-"]
[White "elephantgerrald"]
[Black "Nathaniel250"]
[Result "0-1"]
[WhiteElo "785"]
[BlackElo "1481"]
[TimeControl "300"]
[EndTime "12:11:44 PDT"]
[Termination "Nathaniel250 won by checkmate"]

1. e4 c5 2. Nf3 Nc6 3. Bb5 e6 4. O-O a6 5. Bxc6 bxc6 6. Nc3 d6 7. d3 Nf6 8. Be3 Be7 9. h3 d5 10. exd5 cxd5 11. Ne5 d4 12. Nc6 Qc7 13. Nxe7 Qxe7 14.
Qf3 Bb7 15. Qg3 dxe3 16. fxe3 Nh5 17. Qf3 Bxf3 18. gxf3 Qg5+ 19. Kf2 Qg3+ 20. Ke2 Qg2+ 21. Rf2 Ng3+ 22. Kd2 Qxf2+ 23. Kc1 Qe1+ 24. Nd1 Ne2+ 25.
Kb1 Qxd1# 0-1

[Event "Live Chess"]
[Site "Chess.com"]
[Date "2024.06.01"]
[Round "-"]
[White "NAZRIZ1977"]
[Black "Duke_of_Bebington"]
[Result "1-0"]
[WhiteElo "2126"]
[BlackElo "1598"]
[TimeControl "300"]
[EndTime "12:11:50 PDT"]
[Termination "NAZRIZ1977 won on time"]

1. e4 e5 2. Nf3 Nf6 3. Nxe5 d6 4. Nf3 Nxe4 5. d4 d5 6. Bd3 Bd6 7. h3 O-O 8. O-O Nd7 9. c4 c6 10. Re1 Ndf6 11. Nc3 Nxc3 12. bxc3 dxc4 13. Bxc4 Bf5 14. Bg5 Be7 15. Bd3 Bxd3 16. Qxd3 Nd5 17. Bd2 Bf6 18. c4 Nb6 19. Bc3 Qc7 20. Rad1 Rad8 21. Qf1 Qf4 22. Ba5 Rde8 23. Bxb6 axb6 24. d5 Rxe1 25. Qxe1 Qxc4 26. d6 Rd8 27. d7 Qe6 28. Qd2 Kf8 29. a4 Be7 30. Qd3 Qg6 31. Qd4 Bc5 32. Qf4 Qe6 33.
Ng5 Qg6 34. h4 h6 35. Nf3 Qc2 36. Rd2 Qc1+ 37. Kh2 g5 38. hxg5 hxg5 39. Nxg5 1-0

[Event "Live Chess"]
[Site "Chess.com"]
[Date "2024.06.01"]
[Round "-"]
[White "ossie57"]
[Black "booktrunk"]
[Result "1/2-1/2"]
[WhiteElo "1635"]
[BlackElo "1369"]
[TimeControl "300"]
[EndTime "12:12:02 PDT"]
[Termination "Game drawn by repetition"]

1. d4 b6 2. Nc3 Bb7 3. Bf4 e6 4. e4 h6 5. Nf3 Nf6 6. Bd3 Bb4 7. Qe2 Bxc3+ 8. bxc3 d6 9. O-O O-O 10. a4 Nbd7 11. a5 bxa5 12. Rxa5 c5 13. Bxd6 Qxa5 14.
Bxf8 Kxf8 15. e5 Ng8 16. Be4 Bxe4 17. Qxe4 Rb8 18. Qc6 Qd8 19. Qd6+ Ke8 20. Nd2 cxd4 21.
cxd4 Nf8 22. Qc6+ Qd7 23. Qa6 Ne7 24. Nc4 Qxd4 25. Nd6+ Kd8 26. Nxf7+ Ke8 27. Nd6+ Kd8 28. Nf7+ Ke8 29. Nd6+ Kd8 30. Nf7+ 1/2-1/2